AoeStats
← 1ØØ | Camilo

Golden Pit

509777549Analyzed
1v1 RM · 3d ago on Sep 28, 2026· 23m 50s· 2 players
Game mode
Random Map
Map size
Tiny (2 player)
Population
200
Speed
Normal
Resources
Standard
Victory
Conquest
Starting age
Dark Age
Ending age
Imperial Age
RankedLock teamsTeams togetherTeam positionsShared explorationLock speedFull tech treeHidden civsTurbo modeCheats
Victory
Defeat
🇨🇴 Tatars · Colombia
1372
+18
🇨🇱 Celts · Chile
1416
-18
1ØØ | Camilo
7:32 Loom
9:42 Feudal Age
13:02 Double-Bit Axe
19:31 Castle Age
17:40 Horse Collar
18:00 Gold Mining
18:17 Fletching
20:19 Bodkin Arrow
23:34 Bloodlines
No se jugar
6:36 Loom
6:41 Loom
9:13 Feudal Age
9:24 Man-at-Arms
12:07 Double-Bit Axe
20:15 Castle Age
18:37 Padded Archer Armor
18:28 Fletching
18:40 Stone Mining
19:12 Town Watch
21:04 Bodkin Arrow
21:25 Leather Archer Armor
21:28 Elite Skirmisher
Connection lost

Rejoining the realm…

Still unreachable

The connection could not be restored.

Session expired

The server has moved on; the page needs a fresh start.